 Dungeon Crawl Stone Soup version 0.14.0-7-g2801ba0 (webtiles) character file.

362 Sabsy the Skirmisher (level 6, -6/56 HPs)
             Began as a Minotaur Chaos Knight on Apr 12, 2014.
             Was a Plaything of Xom.
             Shot with an arrow of flame by a centaur (13 damage)
             ... on Level 5 of the Dungeon.
             The game lasted 00:15:29 (2744 turns).

Sabsy the Skirmisher (Minotaur Chaos Knight)        Turns: 2744, Time: 00:15:29

HP  -6/56        AC  5     Str 19      XL: 6   Next: 25%
MP   3/3         EV 12     Int  9      God: Xom
Gold 33          SH  0     Dex  9      Spells:  0 memorised,  5 levels left

rFire  . . .     SeeInvis .     a - +0 mace (chaos)
rCold  . . .     Clarity  .     b - +2 leather armour
rNeg   . . .     Conserve .     (no shield)
rPois  .         rCorr    .     (helmet restricted)
rElec  .         rRot     .     (no cloak)
SustAb . .       Spirit   .     (no gloves)
rMut   .         Warding  .     (no boots)
Saprov . . .     Stasis   .     (no amulet)
MR     .....                    (no ring)
                                (no ring)

@: about to teleport, not resistant to hostile enchantments, very unstealthy
A: retaliatory headbutt, horns 2
a: Renounce Religion


You were on level 5 of the Dungeon.
You worshipped Xom.
You were a toy of Xom.
You were hungry.

You visited 1 branch of the dungeon, and saw 5 of its levels.

You collected 133 gold pieces.
You spent 100 gold pieces at shops.

Inventory:

Hand weapons
 a - a +0,+0 mace of chaos (weapon)
Missiles
 e - 19 darts (quivered)
 r - 4 tomahawks
Armour
 b - a +2 leather armour (worn)
Magical devices
 g - a wand of teleportation (1)
 v - a wand of confusion (13)
 w - a wand of paralysis (0)
Comestibles
 c - 3 bread rations
 u - a beef jerky
 x - 2 chunks of hound flesh
Scrolls
 d - a scroll of magic mapping {unknown}
 i - 3 scrolls of identify {unknown}
 j - a scroll of fear {unknown}
 l - 2 scrolls of enchant armour {unknown}
 m - 2 scrolls of remove curse {unknown}
 q - a scroll of random uselessness {unknown}
 t - a scroll of enchant weapon II {unknown}
Potions
 f - 2 potions of agility {unknown}
 h - a potion of cure mutation {unknown}
 n - a potion of mutation {unknown}
 o - a potion of heal wounds {unknown}
 p - a potion of curing {unknown}
 s - a potion of resistance {unknown}


   Skills:
 + Level 5.4 Fighting
 + Level 5.2 Maces & Flails
 + Level 4.4 Armour
 + Level 3.3 Dodging


You had 5 spell levels left.
You didn't know any spells.

Dungeon Overview and Level Annotations

Branches:
Dungeon (5/15)
 Temple: D:4-7

Altars:
Xom

Shops:
D:4 }

Annotations:
D:4 Grinder


Innate Abilities, Weirdness & Mutations

You reflexively headbutt those who attack you in melee.
You have a pair of horns on your head.


Message History

Evoke which item? (* to show all) (? for menu, Esc to quit)
Zapping:
v - a wand of confusion {zapped: 4}
Press: ? - help, Shift-Dir - straight line, f/p - centaur
Aim: a centaur, wielding a bow of flame The centaur resists.
Xom makes a sudden noise!
You hear a muffled joke.
You hear a shout!
The centaur shoots an arrow of flame.
The arrow of flame hits you!
The centaur shoots an arrow of flame.
The arrow of flame hits you!
Your scroll labeled PRAEHE MALA catches fire!
* * * LOW HITPOINT WARNING * * *
Evoke which item? (* to show all) (? for menu, Esc to quit)
Zapping:
g - a wand of teleportation {zapped: 3}
Press: ? - help, Shift-Dir - straight line, f - you, p - centaur You feel strangely unstable.
The centaur shoots an arrow of flame.
The arrow of flame misses you.
The centaur shoots an arrow of flame.
The arrow of flame hits you!
One of your 4 scrolls labeled HAYNWU DAF catches fire!
You die...
Xom laughs nastily!

#.#.# #... ..#
#.#.# #.(####.
#.#.## #..# .
#.#..# .... ..#
#.##.#
#.>........
#<##.# . .....
#.##.# .....
#(##.####c##..#
....
#.#[.@(.......#
....
#.%(..........#
#$#.
###..####.##..
#.#. #..# ##
#)#. #..#
##..#####.#.
#..#
#.....<....(
#..#
#......(....#.
#..#
##..##(#.#.#.
... ...
..#######


You could see a centaur.

Vanquished Creatures
  A centaur (D:5)
  A hound (D:5)
  An iguana (D:4)
  2 worker ants (D:3)
  2 adders
  3 gnolls (D:4)
  A giant mite (D:2)
  2 worms (D:3)
  5 giant geckos
  5 orcs (D:3)
  2 giant cockroaches (D:3)
  14 hobgoblins
  6 jackals (D:3)
  5 kobolds
  3 quokkas
  2 ball pythons
  9 bats
  2 giant newts
  4 goblins (D:2)
  A hobgoblin zombie (D:5)
  A kobold skeleton (D:4)
  4 rats
76 creatures vanquished.

Notes
Turn   | Place    | Note
--------------------------------------------------------------
     0 | D:1      | Sabsy, the Minotaur Chaos Knight, began the quest for the Orb.
     0 | D:1      | Reached XP level 1. HP: 19/19 MP: 1/1
   147 | D:1      | Reached skill level 4 in Fighting
   147 | D:1      | Reached XP level 2. HP: 27/27 MP: 1/1
   253 | D:1      | XOM: harmless Chrm miscast
   255 | D:1      | You fall through a shaft!
   572 | D:2      | XOM: potion effect (berserk rage)
   573 | D:2      | Reached XP level 3. HP: 33/33 MP: 2/2
   637 | D:2      | XOM: harmless Chrm miscast
   720 | D:2      | Found a shimmering altar of Xom.
  1140 | D:3      | Reached XP level 4. HP: 39/41 MP: 2/2
  2084 | D:3      | Reached XP level 5. HP: 32/47 MP: 2/2
  2298 | D:4      | Reached skill level 5 in Fighting
  2452 | D:4      | XOM: enchant monster (good)
  2472 | D:4      | Noticed Grinder
  2474 | D:4      | Paralysed by Grinder for 6 turns
  2476 | D:4      | XOM: enchant monster (good)
  2477 | D:4      | Noticed a slave
  2481 | D:4      | Noticed a slave
  2481 | D:4      | Noticed a slave
  2497 | D:5      | Entered Level 5 of the Dungeon
  2501 | D:5      | Noticed a centaur
  2540 | D:5      | Noticed a centaur
  2589 | D:4      | Found Zomam's Gadget Shoppe.
  2594 | D:4      | Bought a wand of paralysis (8) for 100 gold pieces
  2628 | D:4      | Reached skill level 5 in Maces & Flails
  2672 | D:5      | XOM: divination: detect creatures
  2676 | D:5      | XOM: harmless Fire miscast
  2711 | D:5      | Killed a centaur
  2711 | D:5      | Reached XP level 6. HP: 36/56 MP: 3/3
  2740 | D:5      | XOM: potion effect (curing)
  2742 | D:5      | XOM: noise
  2744 | D:5      | Shot with an arrow of flame by a centaur

Action                   |  1- 3 |  4- 6 || total
-------------------------+-------+-------++-------
Melee: Mace              |    77 |    88 ||   165
Evoke: Wand              |       |    17 ||    17
 Stab: Paralysed         |       |     7 ||     7
